 Dungeon Crawl Stone Soup version 0.32-a0-7-ge934b4519a (webtiles) character file.

Game seed: 15442376507350564794

65 Laraso the Slasher (level 3, -2/51 HPs)
             Began as a Draconian Monk on Jan 13, 2024.
             Slain by an ogre
             ... wielding a +0 giant spiked club
              (7 damage)
             ... on level 3 of the Dungeon.
             The game lasted 00:01:33 (1962 turns).

Laraso the Slasher (Draconian Monk)                 Turns: 1962, Time: 00:01:34

Health: -2/51      AC: 21    Str: 13    XL:     3   Next: 94%
Magic:  3/3        EV:  2    Int: 10    God:
Gold:   156        SH:  0    Dex: 15    Spells: 2/2 levels left

rFire   . . .        a - +0 falchion
rCold   . . .        c - orb {light}
rNeg    . . .        (body armour unavailable)
rPois   +            (helmet currently unavailable)
rElec   .            (cloak currently unavailable)
rCorr   .            (gloves currently unavailable)
SInv    .            (boots currently unavailable)
Will    .....        (no amulet)
Stlth   +            (no ring)
HPRegen 0.28/turn    (no ring)
MPRegen 0.08/turn

%: no passive effects
@: tree-form, glowing
A: stationary, stasis, torment immunity, boosted hp, AC +5, unfitting armour,
(cold-blooded), (stinger 1), robust 1
a: no special abilities


You were on level 3 of the Dungeon.
You were a tree.
You visited 1 branch of the dungeon, and saw 3 of its levels.

You collected 156 gold pieces.

Inventory:

Hand Weapons
 a - a +0 falchion (weapon)
Missiles
 j - 3 atropa-tipped darts (quivered)
Armour
 c - an orb of light (worn)
Scrolls
 d - a scroll of vulnerability
 e - a scroll of identify
 f - a scroll of teleportation
Potions
 b - a potion of ambrosia
 h - a potion of berserk rage {unknown}
 i - a potion of haste {unknown}


   Skills:
 - Level 3.2 Fighting
 * Level 4.9 Long Blades
 - Level 2.6 Dodging


You had 2 spell levels left.
You didn't know any spells.
Your spell library was empty.

Dungeon Overview and Level Annotations

Branches:
Dungeon (3/15)

Altars:

Shops:
D:1 =


Innate Abilities, Weirdness & Mutations

You are a tree.
Your roots penetrate the ground, keeping you stationary.
You cannot be teleported.
You are immune to unholy pain and torment.
Your maximum health is greatly increased.
Your equipment is partially melded.
((Your plain brown scales are hard. (AC +5)))
You cannot fit into any form of body armour.
((You are cold-blooded and may be slowed by cold attacks.))
((Your tail ends in a venomous barb.))
You are robust. (+10% HP)


Message History

The bat hits you but does no damage.
A bat is nearby!
A bat is nearby!
You hit the bat.
You kill the bat!
No target in view!
No target in view!
No target in view!
The ogre shouts!
An ogre is nearby!
An ogre is nearby!
An ogre is nearby!
An ogre is nearby!
Okay, then.
Okay, then.
You aren't carrying any items that you can evoke.
It was a potion of lignification.
You turn into a tree.
Your roots penetrate the ground.
You cannot move.
You hit the ogre but do no damage.
The ogre hits you with a +0 giant spiked club!
You hit the ogre.
The ogre is lightly wounded.
The ogre barely misses you.
You completely miss the ogre.
The ogre is lightly wounded.
The ogre hits you with a +0 giant spiked club!!
You hit the ogre.
The ogre is moderately wounded.
You hit the ogre.
The ogre is moderately wounded.
The ogre hits you with a +0 giant spiked club!
* * * LOW HITPOINT WARNING * * *
Throw: 4 darts (atropa)
Press: ? - help, Q - select action Shift-Dir - straight line, f - ogre
Aim: an ogre, wielding a +0 giant spiked club (moderately wounded, haloed, 93% to hit, chance to blind on hit: 27%)
You throw an atropa-tipped dart.
The atropa-tipped dart completely misses the ogre.
The ogre hits you with a +0 giant spiked club!
You die...

#.....# ##.#.##.#.# #.....#
##.#.##.#.#.
#.....###.#.##.#.#.#
#.....##.#.##.#.##.. ######
#.....#.#.##.#.##..# #....#
#......#.##.#.##..#.
##....###.......##.#.##.#..#
#..............##.#.##.#..##
#####.....##...♣..##.#.##.#..##.
#<.............O### #.#.##.#.#.#
#####.....##....# ##.#.##.#.#.
#.....##....# ##.#.##.#.#
#.#...#.....# ##.#.## ##
#.#.##........ ##.#.##
#.#............. ##.#.#
#.#.##.......... ##.#.#
#.#[##.......... ##.#.


You could see an ogre.

Vanquished Creatures
  2 adders (D:3)
  2 ribbon worms (D:2)
  7 ball pythons
  8 bats
  3 endoplasms
  A giant cockroach (D:1)
  2 goblins
  6 hobgoblins
  2 jackals (D:1)
  3 kobolds
  A quokka (D:1)
  A frilled lizard (D:1)
  4 rats
42 creatures vanquished.

Notes
Turn   | Place    | Note
-------+----------+-------------------------------------------
     0 | D:1      | Laraso the Draconian Monk began the quest for the Orb.
     0 | D:1      | Reached XP level 1. HP: 19/19 MP: 1/1
    55 | D:1      | Found Faohez's Jewellery Emporium.
    80 | D:1      | Reached XP level 2. HP: 24/26 MP: 2/2
   472 | D:1      | Reached skill level 4 in Long Blades
   581 | D:1      | Found a faded altar of an unknown god.
   710 | D:1      | Reached XP level 3. HP: 25/31 MP: 3/3
  1749 | D:3      | Noticed an ogre
  1757 | D:3      | Gained mutation: You are robust. (+10% HP) [potion of
                  | mutation]
  1757 | D:3      | Gained mutation: Your tail ends in a venomous barb. [potion
                  | of mutation]
  1962 | D:3      | Slain by an ogre

Illustrated notes

Levels and vault maps discovered:
D:1:      dpeg_arrival_round_b, layout_rooms, serial_shops, shop,
          shapermc_ecumenical_altar_gd, minmay_tromino_v4_a
D:2:      layout_loops_corners
D:3:      minmay_inner_zag, layout_basic, minmay_tree_intersection,
          minmay_joined_circles

Skill      XL: |  1  2 |
---------------+-------+-----
Long Blades    | 4 |  4.9
Fighting       | |  3.2
Dodging        | |  2.6

Action                     || total
---------------------------++-------
  Melee: Falchion          ||   150
         Tailslap          ||    26
  Throw: Dart              ||     1
    Use: Scroll            ||     3
         Potion            ||     2
 Armour: Skin              ||    84
  Dodge: Dodged            ||   100

Table legend: (Time is in decaauts)
 A = Elapsed time spent in this place.
 B = Non-inter-level travel time spent in this place.
 C = Inter-level travel time spent in this place.
 D = Time resting spent in this place.
 E = Time spent auto-exploring this place.
 F = Levels seen in this place.
 G = Mean time per level.
                   A        B        C        D        E       F      G
               +--------+--------+--------+--------+--------+-----+--------+
         Total |   1976 |   1861 |    115 |     91 |   1444 |   3 |  658.7 |
       Dungeon |   1976 |   1861 |    115 |     91 |   1444 |   3 |  658.7 |
               +--------+--------+--------+--------+--------+-----+--------+

Top non-repeatable levels by time:
     D:2: 912 daAuts
     D:1: 819 daAuts
     D:3: 244 daAuts
